 Dungeon Crawl Stone Soup version 0.30-a0-777-ga9a30cbeda (webtiles) character file.

Game seed: 7528393641544344876

211660 Flugslaktarn the Warrior (level 17, 0/237 HPs)
             Began as a Demigod Fighter on Feb 13, 2023.
             Slain by a swamp dragon (13 damage)
             ... on level 4 of the Swamp.
             The game lasted 00:18:41 (38998 turns).

Flugslaktarn the Warrior (Demigod Fighter)         Turns: 38998, Time: 00:18:42

Health: 0/237      AC: 35    Str: 35    XL:     17   Next: 59%
Magic:  3/20       EV: 15    Int: 10    God:
Gold:   4411       SH: 21    Dex: 21    Spells: 16/16 levels left

rFire   + . .      SeeInvis +    N - +9 broad axe (heavy)
rCold   . . .      Faith    .    c - +2 tower shield {rC+}
rNeg    . . .      Spirit   .    M - +3 plate armour {rF+}
rPois   +          Reflect  .    x - +2 helmet {SInv}
rElec   .          Harm     .    A - +2 cloak {rPois}
rCorr   .          Rampage  .    Q - +3 Mad Mage's Maulers {Infuse+∞ VampMP -Cast}
Will    ++...      Clarity  +    y - +2 pair of boots Stlth NoCast +
                                 a - amulet of regeneration
HPRegen 2.19/turn                v - +6 ring of strength
MPRegen 0.17/turn                m - ring of willpower

@: berserking, lethally poisoned (0 -> -1), hasted, unable to read, very quick
A: high MP 1, forlorn, divine attributes, clarity, regeneration 1, cold
vulnerability 1, inability to read after injury 1
}: 1/15 runes: serpentine
a: no special abilities


You were on level 4 of the Swamp.
You visited 5 branches of the dungeon, and saw 30 of its levels.
You also visited: Bailey and Volcano.

You collected 4522 gold pieces.
You spent 111 gold pieces at shops.

Inventory:

Hand Weapons
 s - a +2 vampiric war axe
   (You took it off an orc on level 3 of the Dungeon)
 N - a +9 heavy broad axe (weapon)
   (You took it off an orc warlord in a bailey)
Missiles
 P - 2 throwing nets (quivered)
Armour
 c - a +2 tower shield of cold resistance (worn)
   (You took it off a naga warrior on level 2 of the Snake Pit)
 u - a +2 kite shield
   (You took it off a naga warrior on level 3 of the Snake Pit)
 x - a +2 helmet of see invisible (worn)
   (You took it off Robin on level 4 of the Dungeon)
 y - a +2 pair of boots (worn)
   (You found it on level 1 of the Dungeon)
 A - a +2 cloak of poison resistance (worn)
   (You bought it in a shop on level 2 of the Orcish Mines)
 G - a +1 tower shield of fire resistance
   (You found it in a volcano)
 M - a +3 plate armour of fire resistance (worn)
   (You found it in a volcano)
 Q - the +3 Mad Mage's Maulers (worn) {Infuse+∞ VampMP -Cast}
   (You found it in a bailey)

   Infuse+∞: It empowers its wearer's blows with all of their magic.
   VampMP:    Blows struck in melee replenish the wearer's magic.
   -Cast:     It prevents spellcasting.
Jewellery
 a - an amulet of regeneration (around neck)
   (You found it on level 9 of the Dungeon)
 f - a ring of protection from fire
   (You found it on level 6 of the Dungeon)
 i - a ring of see invisible
   (You found it on level 10 of the Dungeon)
 m - a ring of willpower (right hand)
   (You found it on level 2 of the Swamp)
 v - a +6 ring of strength (left hand)
   (You found it on level 5 of the Dungeon)
Wands
 b - a wand of light (20)
   (You took it off Ijyb on level 5 of the Dungeon)
 g - a wand of digging (7)
   (You found it on level 15 of the Dungeon)
 o - a wand of mindburst (15)
   (You found it on level 4 of the Dungeon)
 w - a wand of paralysis (15)
   (You found it on level 1 of the Snake Pit)
 J - a wand of roots (53)
   (You found it on level 3 of the Dungeon)
Scrolls
 k - 4 scrolls of fear
 l - 3 scrolls of magic mapping
 r - 12 scrolls of identify
 t - 15 scrolls of teleportation
 z - 5 scrolls of blinking
 B - 2 scrolls of fog
 D - 2 scrolls of silence
 E - a scroll of summoning
 H - 3 scrolls of vulnerability
 I - 3 scrolls of immolation
 R - a scroll of enchant armour
Potions
 d - a potion of might
 e - 3 potions of cancellation
 h - 4 potions of haste
 j - 2 potions of magic
 n - 2 potions of resistance
 p - 5 potions of invisibility
 q - 13 potions of curing
 C - 3 potions of lignification
 K - a potion of mutation
 L - 4 potions of flight
Miscellaneous
 F - a condenser vane
   (You found it on level 5 of the Lair of Beasts)


   Skills:
 + Level 16.1 Fighting
 - Level 16.0 Axes
 + Level 14.3 Armour
 - Level 13.6 Dodging
 * Level 11.7 Shields
 - Level 7.0 Evocations


You had 16 spell levels left.
You didn't know any spells.
Your spell library was empty.

Dungeon Overview and Level Annotations

Branches:
Dungeon (15/15)            Temple (0/1) D:5            Lair (5/5) D:8
  Swamp (4/4) Lair:2        Snake (4/4) Lair:3        Slime (0/5) Lair:5
    Orc (2/2) D:11            Elf (0/3) Orc:2        Vaults (0/5) D:14
 Depths (0/4) D:15         Bailey (visited)         Volcano (visited)

Shops:
D:2 !   D:4 (   Orc:2 [[*[[   Snake:1 :   Snake:3 (

Portals:
Hell: Lair:5

Annotations:
D:10 1 runed translucent door
D:12 1 runed translucent door
D:13 2 transporters
D:15 exclusion: 2 ice statues
Lair:3 3 runed translucent doors, mopl's ghost, journeyman TrAr


Innate Abilities, Weirdness & Mutations

You have an increased reservoir of magic. (+10% MP)
You shall have no god before yourself.
Your divine heritage dramatically boosts your attributes as you level up.
You possess an exceptional clarity of mind.
Your natural rate of healing is unusually fast.
You are vulnerable to cold. (rC-)
You occasionally lose the ability to read scrolls when taking damage.


Message History

You feel sick.
The vampire knight hits you with a +1 vampiric battleaxe!
The vampire knight bites you but does no damage.
The vampire knight hits you but does no damage.
The vampire knight bites you but does no damage.
The phantasmal warrior gestures at you.
The phantasmal warrior blinks!
A swamp dragon comes into view.
The phantasmal warrior barely misses you.
The swamp dragon bites you but does no damage.
The swamp dragon claws you.
The swamp dragon tramples you but does no damage.
The swamp dragon bites you but does no damage.
The swamp dragon claws you but does no damage.
The swamp dragon tramples you but does no damage.
A swamp dragon skeleton comes into view.
The vampire knight hits you with a +1 vampiric battleaxe.
The vampire knight bites you!
The vampire knight draws strength from your injuries!
The vampire knight splashes around in the water.
The vampire knight bites you but does no damage.
You can move again.
The swamp dragon roars deafeningly!
You slice the phantasmal warrior like a ripe choko!!!
You destroy the phantasmal warrior!
You slash the swamp dragon! You slice the phantasmal warrior!!
You slice the vampire knight!! You completely miss the swamp dragon.
You barely miss the vampire knight.
You feel sick.
You block the phantasmal warrior's attack.
You block the swamp dragon's attack. The swamp dragon closely misses you.
You block the swamp dragon's attack. You block the vampire knight's attack.
The vampire knight barely misses you.
The vampire knight hits you with a +0 long sword!!
The vampire knight bites you but does no damage.
The swamp dragon closely misses you.
The swamp dragon claws you but does no damage.
You block the swamp dragon's attack.
The phantasmal warrior completely misses you.
The swamp dragon bites you but does no damage.
You block the swamp dragon's attack.
The swamp dragon tramples you but does no damage.
The vampire knight hits you with a +1 vampiric battleaxe!!
You feel threatened and lose the ability to read scrolls!
* * * LOW HITPOINT WARNING * * *
The vampire knight barely misses you.
The vampire knight splashes around in the water.
You block the vampire knight's attack.
An eight-headed hydra simulacrum comes into view.
You cannot read scrolls in your current state!
Unknown command.
You feel yourself speed up.
You feel sick.
You are no longer poisoned.
You block the vampire knight's attack. x2
The vampire knight hits you but does no damage.
The vampire knight bites you but does no damage.
The swamp dragon bites you!
* * * LOW HITPOINT WARNING * * *
You block the swamp dragon's attack.
The swamp dragon tramples you but does no damage.
The swamp drake misses you. The swamp dragon misses you.
The swamp dragon closely misses you.
The swamp dragon tramples you but does no damage.
The phantasmal warrior hits you but does no damage.
Unknown command.
A red film seems to cover your vision as you go berserk!
You feel yourself moving faster!
You feel mighty! You block the vampire knight's attack.
The vampire knight barely misses you.
The vampire knight splashes around in the water.
You block the vampire knight's attack. The swamp drake breathes poison at you.
The noxious blast engulfs you but does no damage.
You are poisoned.
You resist. The phantasmal warrior misses you.
The swamp dragon breathes poison at you.
The blast of poison misses you. The swamp dragon misses you.
The swamp dragon closely misses you.
The swamp dragon tramples you but does no damage.
Unknown command.
You slice the vampire knight!!
The vampire knight is heavily damaged.
You cut the phantasmal warrior into ribbons!!!
You destroy the phantasmal warrior!
You slash the vampire knight! You slice the swamp dragon!! x2
You slice the swamp drake like a ripe choko!!!
You kill the swamp drake!
You feel sick.
The vampire knight casts a spell at you.
You resist with almost no effort. You block the vampire knight's attack.
The vampire knight bites you but does no damage.
A seven-headed hydra zombie comes into view.
The vampire knight hits you but does no damage.
The vampire knight bites you!
* * * LOW HITPOINT WARNING * * *
The vampire knight draws strength from your injuries!
The vampire knight hits you with a +0 long sword!!
* * * LOW HITPOINT WARNING * * *
The vampire knight splashes around in the water.
You block the swamp dragon's attack. The swamp dragon misses you.
You block the swamp dragon's attack. The swamp dragon bites you!
You die... ♣..♣♣♣♣ ♣♣♣...~~♣♣ Z~Z ♣♣~$~..§~~♣ ..## ♣~.~~..~~.♣♣♣ ##Z..#♣ ♣~.~~§~§~.~~♣ ♣D.ZZ. ♣♣§§~.~††~♣♣♣ ♣ZZZ~

♣.~~~~~~.♣♣ ♣♣ZD♣ .
~~~~~~~~~.~♣♣♣♣VZV♣ ~~~
.~~~~~~~.~.~~†○D@D♣.~~~~
♣.......♣~~~~.~○○°~~~~~~
♣♣♣♣♣♣~♣♣♣§~~~~~○○~.~.~~
♣♣ ♣~~~..~~~~~♣~~~
~~~~...♣♣.~~~...~~
~~~~.♣♣♣♣~~~~...~.
♣§~~~~♣ ♣~~~.~~~..
♣§~~~< ♣~~~.~~~♣~ ~~~~~~
~~~.~..~♣


You could see 2 vampire knights, 4 swamp dragons, 2 eight-headed hydra
simulacra, a seven-headed hydra zombie, a death drake zombie, 2 swamp dragon
zombies, a six-headed hydra skeleton, a death drake skeleton and 2 swamp dragon
skeletons.

Vanquished Creatures
  Mara (Snake:4)
  A tentacled monstrosity (Swamp:2)
  A thorn hunter (Swamp:4)
  12 nagarajas
  Aizul (Snake:1)
  The ghost of gabibbone the Unseen, an adept VSFi of Uskayaw (Snake:1)
  An orc warlord (Bailey)
  A ghoul (Swamp:3)
  A stone giant (D:15)
  A dire elephant (Lair:5)
  3 eleionomae
  3 bunyips (Swamp:4)
  2 salamander tyrants (Snake:3)
  11 hydras
  3 ghost crabs (Swamp:2)
  4 vault guards (D:14)
  An ogre mage (D:15)
  A catoblepas (Lair:1)
  7 anacondas
  12 two-headed ogres
  4 centaur warriors
  A death knight (D:13)
  A dancing weapon (Volcano)
  7 alligators (Swamp:2)
  5 boulder beetles
  17 death yaks
  A tengu warrior (D:14)
  18 naga warriors
  10 orc high priests (Orc:2)
  Urug (Lair:5)
  14 shock serpents
  11 naga sharpshooters
  3 salamander mystics
  A skeletal warrior (D:13)
  3 goliath frogs
  A sixfirhy (Lair:5)
  2 skysharks
  2 naga ritualists
  5 swamp dragons (Swamp:4)
  5 wizards
  3 bog bodies
  6 sea snakes
  A spriggan druid (Swamp:2)
  3 phantasmal warriors
  Pikel (D:5)
  5 deep elf pyromancers
  An orc sorcerer (Orc:2)
  4 orc knights
  7 mana vipers
  6 ugly things (D:15)
  3 will-o-the-wisps
  10 salamanders
  6 cyclopes
  16 elephants
  2 manticores
  23 naga magi
  33 black mambas
  A smoke demon (Lair:5)
  7 guardian serpents
  5 toenail golems (Volcano)
  3 orange demons (Lair:5)
  A cane toad (shapeshifter) (D:15)
  Maggie (D:9)
  3 gargoyles
  5 rime drakes
  11 cane toads
  A yaktaur (shapeshifter) (D:13)
  A freezing wraith (D:13)
  6 komodo dragons
  2 unseen horrors
  2 efreet (D:14)
  2 ice devils (Lair:5)
  4 tengu conjurers
  2 polar bears
  6 trolls
  4 meliai (D:14)
  7 tyrant leeches
  A red devil (Lair:5)
  2 hornets
  10 blink frogs
  Sigmund (D:3)
  2 slime creatures (D:15)
  7 dream sheep (Lair:5)
  3 shadows
  3 spriggans (Swamp:2)
  Eustachio (D:4)
  4 wyverns
  38 yaks
  3 wraiths
  Grum (D:10)
  4 basilisks
  4 steam dragons
  17 vampire mosquitoes
  Edmund (D:4)
  11 swamp worms
  6 wargs (Orc:2)
  4 acid dragons
  53 nagas
  17 water moccasins
  3 hell hounds (Lair:5)
  32 orc warriors
  3 swamp drakes
  An ice beast (D:7)
  2 black bears
  A sky beast (D:7)
  2 ogres
  A black bear (shapeshifter) (D:14)
  6 centaurs
  14 wolves
  4 lemures (D:5)
  A phantom (D:4)
  A kobold brigand (D:7)
  11 bullfrogs
  5 gnoll sergeants
  A scorpion (D:5)
  5 necrophages
  3 wights (D:8)
  27 killer bees
  An electric eel (Snake:1)
  2 vampire bats (Lair:2)
  5 howler monkeys
  A jelly (D:7)
  38 orc priests
  A hound (D:5)
  Crazy Yiuf (D:3)
  2 iguanas (D:6)
  Ijyb (D:5)
  21 orc wizards
  Robin (D:4)
  27 gnolls
  9 adders
  2 shadow imps (D:7)
  3 white imps
  2 ufetubi
  2 worms (D:4)
  A dart slug (D:2)
  103 orcs
  3 ball pythons
  15 bats
  3 giant cockroaches
  13 hobgoblins
  11 kobolds
  6 quokkas
  A frilled lizard (D:1)
  34 goblins
  6 rats
1015 creatures vanquished.

Vanquished Creatures (others)
  A nagaraja (Snake:4)
  A sea snake (Snake:4)
  A wizard (Volcano)
  A deep elf pyromancer (D:14)
  A mana viper (Snake:1)
  A bloated husk (Swamp:3)
  A vampire mosquito (D:14)
  8 foxfires
  13 fungi
  43 plants
71 creatures vanquished.

Grand Total: 1086 creatures vanquished

Notes
Turn   | Place    | Note
-------+----------+-------------------------------------------
     0 | D:1      | Flugslaktarn the Demigod Fighter began the quest for the
                  | Orb.
     0 | D:1      | Reached XP level 1. HP: 18/18 MP: 3/3
   381 | D:1      | Reached XP level 2. HP: 25/25 MP: 4/4
   601 | D:2      | Reached XP level 3. HP: 31/31 MP: 5/5
   660 | D:2      | Found Ompukeh's Distillery.
   752 | D:2      | You fall into a shaft and drop 1 floor!
   791 | D:3      | Reached skill level 1 in Dodging
   794 | D:3      | Reached XP level 4. HP: 22/38 MP: 6/6
  1091 | D:3      | Noticed Sigmund
  1111 | D:3      | Killed Sigmund
  1112 | D:3      | Reached XP level 5. HP: 11/46 MP: 7/7
  1420 | D:3      | Reached XP level 6. HP: 52/52 MP: 8/8
  1679 | D:3      | Found a runed translucent door.
  1680 | D:3      | Noticed Crazy Yiuf
  1689 | D:3      | Killed Crazy Yiuf
  2137 | D:4      | Found Semoadyuxt's Antique Weapon Shoppe.
  2167 | D:4      | Noticed Robin
  2175 | D:4      | Killed Robin
  2361 | D:4      | Gained mutation: Your spells are a little easier to cast,
                  | but a little less powerful. [potion of mutation]
  2361 | D:4      | Gained mutation: You are weak. (Str -2) [potion of
                  | mutation]
  2361 | D:4      | Gained mutation: You occasionally lose the ability to read
                  | scrolls when taking damage. [potion of mutation]
  2492 | D:4      | Noticed Eustachio
  2521 | D:4      | Killed Eustachio
  2542 | D:4      | Reached XP level 7. HP: 52/59 MP: 9/9
  2597 | D:4      | Reached skill level 5 in Axes
  2768 | D:4      | Noticed Edmund
  2795 | D:4      | Killed Edmund
  3088 | D:5      | Entered Level 5 of the Dungeon
  3209 | D:5      | Reached XP level 8. HP: 67/67 MP: 10/10
  3227 | D:5      | Lost mutation: You occasionally lose the ability to read
                  | scrolls when taking damage. [potion of mutation]
  3227 | D:5      | Lost mutation: You are weak. (Str -2) [potion of mutation]
  3227 | D:5      | Lost mutation: Your spells are a little easier to cast, but
                  | a little less powerful. [potion of mutation]
  3227 | D:5      | Gained mutation: You have a pair of small horns on your
                  | head. [potion of mutation]
  3275 | D:5      | Noticed Pikel
  3297 | D:5      | Killed Pikel
  3298 | D:5      | Reached skill level 5 in Fighting
  3298 | D:5      | Reached skill level 5 in Armour
  3582 | D:5      | Noticed Ijyb
  3587 | D:5      | Killed Ijyb
  3773 | D:5      | Found a staircase to the Ecumenical Temple.
  4081 | D:6      | Reached XP level 9. HP: 69/75 MP: 11/11
  4739 | D:7      | Reached skill level 5 in Dodging
  5602 | D:8      | Reached XP level 10. HP: 49/84 MP: 13/13
  5732 | D:8      | Found a staircase to the Lair.
  6749 | D:8      | Reached skill level 10 in Axes
  7404 | D:9      | Noticed Maggie
  7415 | D:9      | Killed Maggie
  8063 | D:10     | Entered Level 10 of the Dungeon
  8083 | D:10     | Reached XP level 11. HP: 93/94 MP: 14/14
  8279 | D:10     | Noticed Grum
  8280 | D:10     | Found a flagged portal.
  8291 | D:10     | Killed Grum
  8300 | Bailey   | Entered a bailey
  8366 | Bailey   | Noticed an orc knight
  8396 | Bailey   | Killed an orc knight
  8397 | Bailey   | Reached skill level 1 in Evocations
  8520 | Bailey   | Noticed an orc knight
  8520 | Bailey   | Noticed an orc warlord
  8563 | Bailey   | Killed an orc knight
  8629 | Bailey   | Killed an orc warlord
  8681 | Bailey   | Found the +3 Mad Mage's Maulers {Infuse+∞ VampMP -Cast}
  8933 | Bailey   | Acquired 920 gold pieces
  9380 | D:10     | Found a runed translucent door.
  9549 | D:10     | Lost mutation: You have a pair of small horns on your head.
                  | [potion of mutation]
  9549 | D:10     | Gained mutation: You sometimes lose your temper in combat.
                  | [potion of mutation]
  9549 | D:10     | Gained mutation: Your muscles are strong. (Str +4, Int/Dex
                  | -1) [potion of mutation]
  9593 | D:11     | Found a staircase to the Orcish Mines.
  9736 | D:11     | Noticed a boulder beetle
  9761 | D:11     | Killed a boulder beetle
  9892 | D:11     | Found a gate leading to a gauntlet.
 10414 | Lair:1   | Entered Level 1 of the Lair of Beasts
 10415 | Lair:1   | Acquired a manual of Fighting
 10522 | Lair:1   | Reached XP level 12. HP: 103/103 MP: 1/15
 11570 | Lair:1   | Noticed a catoblepas
 11578 | Lair:1   | Noticed a boulder beetle
 11594 | Lair:1   | Killed a catoblepas
 11627 | Lair:1   | Killed a boulder beetle
 12075 | Lair:2   | Found a staircase to the Swamp.
 12840 | Lair:2   | Reached skill level 10 in Fighting
 13803 | Lair:3   | Found a runed translucent gate.
 13803 | Lair:3   | Found a runed translucent gate.
 13803 | Lair:3   | Found a runed translucent gate.
 13833 | Lair:3   | Reached skill level 5 in Evocations
 13836 | Lair:3   | Reached XP level 13. HP: 114/114 MP: 2/16
 13858 | Lair:3   | Found a dark tunnel.
 13868 | Volcano  | Entered a volcano
 14638 | Lair:3   | Found a staircase to the Snake Pit.
 14828 | Lair:3   | Reached skill level 10 in Armour
 15128 | Lair:3   | Noticed mopl's ghost (journeyman TrAr)
 16404 | Lair:5   | Entered Level 5 of the Lair of Beasts
 16682 | Lair:5   | Noticed Urug
 16683 | Lair:5   | Found a staircase to the Slime Pits.
 16699 | Lair:5   | Killed Urug
 16708 | Lair:5   | Reached skill level 5 in Shields
 16845 | Lair:5   | Reached XP level 14. HP: 125/125 MP: 3/17
 16962 | Lair:5   | Lost mutation: You sometimes lose your temper in combat.
                  | [potion of mutation]
 16962 | Lair:5   | Lost mutation: Your muscles are strong. (Str +4, Int/Dex
                  | -1) [potion of mutation]
 16962 | Lair:5   | Gained mutation: Your natural rate of healing is unusually
                  | fast. [potion of mutation]
 16962 | Lair:5   | Gained mutation: You have hidden genetic defects. [potion
                  | of mutation]
 16962 | Lair:5   | Gained mutation: You possess an exceptional clarity of
                  | mind. [potion of mutation]
 16972 | Lair:5   | Reached skill level 10 in Dodging
 18411 | Lair:5   | Found a gateway to Hell.
 18418 | Lair:5   | Identified the +2 robe "Zyblil" {rElec rPois Int+3}
 18720 | D:12     | Found a runed translucent door.
 18789 | D:12     | Gained mutation: You occasionally lose the ability to read
                  | scrolls when taking damage. [hidden defects]
 20708 | D:13     | Found a transporter.
 20836 | D:13     | Gained mutation: You are vulnerable to cold. (rC-) [hidden
                  | defects]
 20836 | D:13     | Lost mutation: You have hidden genetic defects. [hidden
                  | defects expressed]
 20950 | D:13     | Identified the +3 sling of Qotaodwo {freeze, rC+ Will+
                  | MP-9}
 21248 | D:13     | Found a transporter.
 22190 | D:14     | Found a gate to the Vaults.
 22202 | D:14     | Reached skill level 15 in Axes
 23319 | D:15     | Entered Level 15 of the Dungeon
 23343 | D:15     | Reached XP level 15. HP: 136/136 MP: 1/18
 24007 | D:15     | Found a staircase to the Depths.
 24867 | Orc:1    | Entered Level 1 of the Orcish Mines
 25433 | Orc:2    | Entered Level 2 of the Orcish Mines
 25617 | Orc:2    | Found Kial's Armour Emporium.
 25628 | Orc:2    | Found Wahu Mer's Armour Boutique.
 26052 | Orc:2    | Found Caruiz's CLEARANCE SALE!.
 26511 | Orc:2    | Found a staircase to the Elven Halls.
 26725 | Orc:2    | Found Dycebainam's Armour Boutique.
 26854 | Orc:2    | Found Suhaehyl's Antique Armour Emporium.
 27155 | Orc:2    | Bought a +2 cloak of poison resistance for 111 gold pieces
 27331 | Snake:1  | Entered Level 1 of the Snake Pit
 27659 | Snake:1  | You fall into a shaft and drop 1 floor!
 27813 | Snake:2  | Noticed a nagaraja
 27823 | Snake:2  | Killed a nagaraja
 28005 | Snake:2  | Noticed a nagaraja
 28014 | Snake:2  | Killed a nagaraja
 28225 | Snake:2  | Noticed a nagaraja
 28233 | Snake:2  | Killed a nagaraja
 29465 | Snake:3  | Found Dutywut's Antique Weapon Shop.
 29911 | Snake:3  | Reached XP level 16. HP: 146/147 MP: 2/19
 31309 | Snake:4  | Entered Level 4 of the Snake Pit
 32712 | Snake:4  | Noticed Mara
 32725 | Snake:4  | Killed Mara
 32726 | Snake:4  | Reached skill level 15 in Fighting
 33241 | Snake:4  | Reached skill level 10 in Shields
 34640 | Snake:4  | Reached XP level 17. HP: 74/156 MP: 2/20
 34641 | Snake:4  | Got a serpentine rune of Zot
 35035 | Snake:1  | Noticed Aizul
 35044 | Snake:1  | Killed Aizul
 35380 | Snake:1  | Noticed gabibbone's ghost (adept VSFi)
 35400 | Snake:1  | Found a runed translucent gate.
 35401 | Snake:1  | Found a runed translucent gate.
 35582 | Snake:1  | Found a runed translucent gate.
 35772 | Snake:1  | Found Sogiures's Book Boutique.
 36689 | Snake:1  | Killed gabibbone's ghost
 36868 | Swamp:1  | Entered Level 1 of the Swamp
 36899 | Swamp:1  | Identified the +6 scale mail of Mezcal {Drain rPois Dex+4
                  | Stlth+}
 36940 | Swamp:2  | Noticed a tentacled monstrosity
 36947 | Swamp:2  | Killed a tentacled monstrosity
 38474 | Swamp:4  | Entered Level 4 of the Swamp
 38992 | Swamp:4  | Paralysed by a vampire knight for 3 turns
 38998 | Swamp:4  | Slain by a swamp dragon

Illustrated notes

Levels and vault maps discovered:
D:1:      minmay_arrival_four_loops, layout_basic, st_stairs_8,
          minmay_tree_intersection
D:2:      layout_rooms, ebering_ecumenical_altar_abandoned, serial_shops, shop,
          chequers_serial_rivers_marsh, minmay_indecisive_spiral
D:3:      wander_river, layout_loops_ring, nzn_wu_jian_council_hall,
          dreamdust_princess_corridor, uniq_sigmund, uniq_crazy_yiuf_cottage
D:4:      layout_basic, serial_shops, nicolae_shop_crystal, uniq_robin,
          uniq_edmund, uniq_eustachio
D:5:      layout_gridville, minmay_temple_entry_junction, nrook_loot_triangle,
          nicolae_zen_rock_garden, uniq_ijyb, uniq_pikel
D:6:      kennysheep_steamy, layout_cave_pools, hangedman_decor_diamond_cutter
D:7:      layout_gridville, mainiacjoe_overflow_paths,
          mainiacjoe_overflow_cross_hatched, minmay_overflow_temple_hex,
          moated_statue
D:8:      kennysheep_windowed_halls, layout_cave_pools, lemuel_round_altar,
          david_lair_shrubbed
D:9:      layout_loops_ring, uniq_maggie
D:10:     gammafunk_indiana_jones, layout_cave_pools,
          nicolae_ashenzari_skybound, enter_bailey_2, grunt_decor_fettered,
          kennysheep_path_1, uniq_grum
D:11:     layout_cave_pools, david_orc_2, gauntlet_entry_generic,
          minmay_misc_feat_more_columns
D:12:     cheibrodos_shockbox, layout_cave_pods
D:13:     gammafunk_dig_for_victory, layout_irregular_city,
          lemuel_flamethrower_3
D:14:     layout_cave_pods, lightli_vaults_fourway_checkpoint,
          minmay_misc_feat_rows
D:15:     grunt_enter_depths_giant_problem, layout_loops_ring,
          portal_ice_cave_entry_ice_statue_two
Lair:1:   layout_misc_corridors, chequers_serial_rivers_micro_a,
          grunt_megastairs_4, lemuel_fruit_fields
Lair:2:   layout_chaotic_city, swamp_mist, roderic_batcave,
          chequers_serial_rivers_room_b
Lair:3:   layout_loops_ring, guppyfry_snake_entry_island, basic_altar,
          gammafunk_ghost_icy, nicolae_volcano_entry_two_sided,
          chequers_serial_rivers_marsh
Lair:4:   layout_cave_shapes, chequers_serial_rivers_micro_e
Lair:5:   evil_forest, layout_hall_layers, slime_entry_1,
          infiniplex_staircase_pool_2, uniq_urug
Swamp:1:  layout_falls_marsh, nicolae_swamp_dense_foliage
Swamp:2:  nicolae_swamp_long_stream, layout_basic_swamp,
          evilmike_swamp_ruin_rubble_2, swamp_pool1,
          nicolae_swamp_hydra_murder_den
Swamp:3:  gammafunk_worm_tunnel, layout_basic_swamp, evilmike_swamp_ruin_house_2
Swamp:4:  byrel_swamp_growth_death_and_undeath, layout_basic_swamp
Snake:1:  layout_layer_cave, ebering_ghost_rock_garden, minmay_shop_star,
          serial_bayou_shore_a, uniq_aizul
Snake:2:  layout_basic, guppyfry_library_mini
Snake:3:  layout_cave_town, serial_shops, shop, eino_curves_01,
          serial_bayou_pond_e, grunt_ministairs_10, st_stairs_5,
          serial_bayou_shore_b
Snake:4:  grunt_snake_rune_pools, layout_cave_town, uniq_mara
Orc:1:    layout_caves
Orc:2:    st_orc_town, layout_caves, nicolae_shop_clearance

Skill      XL: |  1  2  3  4  5  6  7  8  9 10 11 12 13 14 15 16 17 |
---------------+----------------------------------------------------+-----
Axes           | 2 3 4 5 7 8 10 11 13 14 15 16 | 16.0
Fighting       | 3 4 5 6 7 8 10 11 13 14 15 16 | 16.1
Armour         | 3 4 5 6 7 8 9 10 11 12 13 14 | 14.3
Dodging        | 1 2 3 4 5 7 8 9 10 11 13 | 13.6
Evocations     | 3 5 6 7 |  7.0
Shields        | 3 5 6 8 10 11 | 11.7

Action                     |  1- 3 |  4- 6 |  7- 9 | 10-12 | 13-15 | 16-18 || total
---------------------------+-------+-------+-------+-------+-------+-------++-------
  Melee: Battleaxe         |    58 |    52 |       |       |       |       ||   110
         War axe           |     4 |   100 |   245 |   714 |   257 |       ||  1320
         Headbutt          |       |       |    30 |    79 |       |       ||   109
         Broad axe         |       |       |       |       |   644 |   585 ||  1229
  Evoke: Wand              |       |       |       |     1 |    11 |       ||    12
    Use: Scroll            |       |     9 |       |    21 |     8 |     2 ||    40
         Potion            |       |     4 |     3 |     6 |     3 |    10 ||    26
   Stab: Invisible         |       |       |       |     6 |       |       ||     6
         Petrifying        |       |       |       |     3 |       |       ||     3
 Armour: Scale mail        |    66 |   103 |     5 |       |       |       ||   174
         Chain mail        |       |       |   152 |     7 |       |       ||   159
         Skin              |       |       |    30 |       |       |       ||    30
         Plate armour      |       |       |       |   459 |   586 |   447 ||  1492
  Dodge: Dodged            |    58 |   122 |   159 |   417 |   565 |   421 ||  1742
  Block: Buckler           |     2 |    37 |    86 |   213 |   224 |       ||   562
         Kite shield       |       |       |       |       |   118 |   400 ||   518
         Tower shield      |       |       |       |       |       |   204 ||   204

Table legend: (Time is in decaauts)
 A = Elapsed time spent in this place.
 B = Non-inter-level travel time spent in this place.
 C = Inter-level travel time spent in this place.
 D = Time resting spent in this place.
 E = Time spent auto-exploring this place.
 F = Levels seen in this place.
 G = Mean time per level.
                   A        B        C        D        E       F      G
               +--------+--------+--------+--------+--------+-----+--------+
         Total |  39484 |  38185 |   1299 |   3616 |  29194 |  32 | 1233.9 |
       Dungeon |  16397 |  15648 |    749 |   1772 |  11443 |  15 | 1093.1 |
          Lair |   7574 |   7318 |    256 |    891 |   5589 |   5 | 1514.8 |
         Swamp |   2298 |   2281 |     17 |      0 |   1789 |   4 |  574.5 |
     Snake Pit |   9484 |   9306 |    178 |    463 |   7834 |   4 | 2371.0 |
  Orcish Mines |   2331 |   2233 |     98 |    295 |   1657 |   2 | 1165.5 |
        Bailey |    641 |    641 |      0 |    151 |    253 |   1 |  641.0 |
       Volcano |    756 |    756 |      0 |     43 |    627 |   1 |  756.0 |
               +--------+--------+--------+--------+--------+-----+--------+

Top non-repeatable levels by time:
 Snake:4: 3536 daAuts
 Snake:1: 2272 daAuts
 Snake:3: 1997 daAuts
  Lair:5: 1970 daAuts
   Orc:2: 1760 daAuts
    D:12: 1684 daAuts
 Snake:2: 1678 daAuts
  Lair:1: 1675 daAuts
 Swamp:2: 1626 daAuts
    D:14: 1607 daAuts
  Lair:2: 1603 daAuts
    D:13: 1451 daAuts
    D:15: 1446 daAuts
  Lair:3: 1336 daAuts
     D:7: 1268 daAuts
